 Dungeon Crawl Stone Soup version 0.30-a0-845-g7c6808c8ce (webtiles) character file.

Game seed: 16653841277586508976

1984 Demosthentine the Trooper (level 9, -7/69 HPs)
             Began as a Demonspawn Gladiator on Mar 3, 2023.
             Was a Follower of Qazlal.
             Killed by an exploding butterfly (8 damage)
             ... ignited by their inner flame
             ... on level 6 of the Dungeon.
             The game lasted 00:08:17 (6148 turns).

Demosthentine the Trooper (Demonspawn Gladiator)    Turns: 6148, Time: 00:08:17

Health: -7/69      AC:  5    Str: 15    XL:     9   Next: 1%
Magic:  9/9        EV: 21    Int: 10    God:    Qazlal [*.....]
Gold:   193        SH:  1    Dex: 24    Spells: 8/8 levels left

rFire   . . .      SeeInvis .    a - +0 trident (heavy)
rCold   . . .      Faith    .    (no shield)
rNeg    . . .      Spirit   .    b - +0 leather armour
rPois   .          Reflect  .    c - +1 helmet
rElec   .          Rampage  .    (no cloak)
rCorr   .                        (no gloves)
Will    .....                    (no boots)
Stlth   ++                       (no amulet)
HPRegen 0.31/turn                m - ring of willpower
MPRegen 0.11/turn                n - +6 ring of dexterity

@: agile, weak-willed
A: hooves 2, icemail 2, powered by pain 1, condensation shield
a: Renounce Religion


You were on level 6 of the Dungeon.
You worshipped Qazlal.
Qazlal was aware of your devotion.
You visited 2 branches of the dungeon, and saw 7 of its levels.
You also visited: Sewer.

You collected 379 gold pieces.
You spent 186 gold pieces at shops.

Inventory:

Hand Weapons
 a - a +0 heavy trident (weapon)
Missiles
 d - 3 throwing nets (quivered)
 e - a javelin
Armour
 b - a +0 leather armour (worn)
 c - a +1 helmet (worn)
Jewellery
 m - a ring of willpower (left hand)
 n - a +6 ring of dexterity (right hand)
 C - a +4 ring of slaying
Wands
 q - a wand of flame (1)
 t - a wand of roots (6)
 v - a wand of digging (2)
Scrolls
 f - a scroll of enchant armour
 g - 2 scrolls of amnesia
 l - 4 scrolls of teleportation
 u - 2 scrolls of fog
 A - a scroll of identify
Potions
 h - a potion of flight
 i - a potion of curing
 j - 2 potions of attraction
 k - 2 potions of brilliance {unknown}
 o - 2 potions of lignification
 p - 3 potions of resistance {unknown}
 r - a potion of might
 s - 2 potions of magic
 x - a potion of heal wounds
 z - a potion of mutation {unknown}


   Skills:
 + Level 6.2 Fighting
 + Level 5.9 Polearms
 - Level 1.7 Throwing
 + Level 5.2 Armour
 + Level 6.0 Dodging


You had 8 spell levels left.
You didn't know any spells.
Your spell library was empty.

Dungeon Overview and Level Annotations

Branches:
Dungeon (6/15)             Temple (1/1) D:4           Sewer (visited)

Altars:
Ashenzari
Cheibriados
Dithmenos
Fedhas
Gozag
Hepliaklqana
Kikubaaqudgha
Makhleb
Nemelex Xobeh
Okawaru
Qazlal
Ru
Sif Muna
Trog
Uskayaw
Vehumet
Wu Jian
Xom

Shops:
D:4 (   D:6 ?([*[

Annotations:
D:5 2 transporters


Innate Abilities, Weirdness & Mutations

You have hoof-like feet.
A meltable icy envelope protects you from harm. (AC +0)
You sometimes gain a little power by taking damage.
A meltable shield of frost defends you. (SH +0)


Message History

The creatures around you are filled with an inner flame!
It was a scroll of immolation.
Your butterfly is struck by lightning.
Your butterfly disappears in a burst of colours!
Your butterfly explodes!
The fiery explosion engulfs your butterfly!!
Your butterfly disappears in a burst of colours!
The fiery explosion engulfs your butterfly!!
Your butterfly disappears in a burst of colours!
The fiery explosion engulfs your butterfly!
Your butterfly disappears in a burst of colours!
The fiery explosion engulfs you!
Your icy defences dissipate!
You focus on the pain.
You feel agile all of a sudden.
The fiery explosion engulfs your butterfly!!
Your butterfly disappears in a burst of colours!
Your butterfly explodes!
The fiery explosion engulfs your butterfly!!
Your butterfly disappears in a burst of colours!
The fiery explosion engulfs you!!
The fiery explosion engulfs your butterfly!!
Your butterfly disappears in a burst of colours!
Your butterfly explodes!
The fiery explosion engulfs your butterfly!!
Your butterfly disappears in a burst of colours!
Your butterfly explodes! x2
The fiery explosion engulfs you!
Your butterfly explodes!
The fiery explosion engulfs your butterfly!!
Your butterfly disappears in a burst of colours!
Your butterfly explodes!
The fiery explosion engulfs your butterfly!!
Your butterfly disappears in a burst of colours!
Your butterfly explodes! x2
The fiery explosion engulfs you!!
* * * LOW HITPOINT WARNING * * *
Your butterfly explodes!
The fiery explosion engulfs you!
You die...

##...........##
###.<......##
#####..### #§##
#.# ##§# #§§#
###§§####
#§§@§§§§#
###§##### ###


There were no monsters in sight!

Vanquished Creatures
  Grinder (D:3)
  Sigmund (D:5)
  Eustachio (D:5)
  Duvessa (D:5)
  2 black bears (D:6)
  An ice beast (D:5)
  An ogre (D:6)
  Blork the orc (D:5)
  A kobold brigand (Sewer)
  2 scorpions
  3 wights (D:6)
  Dowan (D:5)
  A howler monkey (D:6)
  3 hounds
  An orc priest (D:4)
  3 iguanas (D:5)
  11 adders
  6 river rats (Sewer)
  2 white imps (D:6)
  An ufetubus (D:5)
  2 worms
  3 dart slugs
  12 orcs
  9 ball pythons
  9 endoplasms
  6 giant cockroaches
  7 hobgoblins
  8 jackals
  9 quokkas
  2 bats (D:1)
  3 frilled lizards
  5 goblins
  21 kobolds
  35 rats
175 creatures vanquished.

Notes
Turn   | Place    | Note
-------+----------+-------------------------------------------
     0 | D:1      | Demosthentine the Demonspawn Gladiator began the quest for
                  | the Orb.
     0 | D:1      | Reached XP level 1. HP: 16/16 MP: 1/1
   201 | D:1      | Gained mutation: A meltable shield of frost defends you.
                  | (SH +0) [demonic ancestry]
   201 | D:1      | Reached XP level 2. HP: 22/22 MP: 2/2
   372 | D:1      | Reached skill level 1 in Armour
   422 | D:1      | Gained mutation: You sometimes gain a little power by
                  | taking damage. [demonic ancestry]
   422 | D:1      | Reached XP level 3. HP: 28/28 MP: 3/3
  1022 | D:2      | Found a faded altar of an unknown god.
  1715 | D:3      | Noticed Grinder
  1739 | D:3      | Paralysed by Grinder for 4 turns
  1768 | D:3      | Killed Grinder
  1769 | D:3      | Gained mutation: A meltable icy envelope protects you from
                  | harm. (AC +0) [demonic ancestry]
  1769 | D:3      | Reached XP level 4. HP: 35/35 MP: 4/4
  1769 | D:3      | Reached XP level 5. HP: 41/41 MP: 5/5
  1972 | D:3      | Gained mutation: A meltable icy envelope protects you from
                  | harm. (AC +0) [demonic ancestry]
  1972 | D:3      | Reached XP level 6. HP: 47/47 MP: 6/6
  2126 | D:3      | Found a glowing drain.
  2126 | D:3      | You fall into a shaft and drop 1 floor!
  2238 | Sewer    | Entered a sewer
  3658 | D:4      | Reached XP level 7. HP: 43/54 MP: 7/7
  3791 | D:4      | Found Eloghay's Weapon Shoppe.
  4117 | D:4      | Found a staircase to the Ecumenical Temple.
  4307 | Temple   | Entered the Ecumenical Temple
  4677 | Temple   | Became a worshipper of Qazlal Stormbringer
  4722 | D:5      | Entered Level 5 of the Dungeon
  4730 | D:5      | Found a transporter.
  4736 | D:5      | Found a transporter.
  4761 | D:5      | Noticed Dowan
  4761 | D:5      | Noticed Eustachio
  4767 | D:5      | Noticed Blork the orc
  4786 | D:5      | Killed Blork the orc
  4803 | D:5      | Killed Dowan
  4809 | D:5      | Noticed Duvessa
  4823 | D:5      | Killed Duvessa
  4843 | D:5      | Killed Eustachio
  4844 | D:5      | Reached skill level 5 in Fighting
  4844 | D:5      | Reached skill level 5 in Polearms
  4844 | D:5      | Reached skill level 5 in Dodging
  4844 | D:5      | Gained mutation: You have large cloven feet. [demonic
                  | ancestry]
  4844 | D:5      | Reached XP level 8. HP: 35/62 MP: 8/8
  5222 | D:5      | Noticed Sigmund
  5265 | D:5      | Found an opulent altar of Gozag.
  5310 | D:5      | Reached * piety under Qazlal
  5350 | D:5      | Killed Sigmund
  5431 | D:6      | Found Joapal's Antique Armour Boutique.
  5471 | D:6      | Found Ydghisig's Assorted Antiques.
  5487 | D:6      | Bought a scroll labelled YRADGH ARUMU for 27 gold pieces
  5487 | D:6      | Bought a potion of heal wounds for 135 gold pieces
  5487 | D:6      | Bought a puce potion for 24 gold pieces
  5534 | D:6      | Found Beinit's Antique Armour Shop.
  5591 | D:6      | Reached skill level 5 in Armour
  5721 | D:6      | Found Moofyr's Magic Scroll Shop.
  5755 | D:6      | Gained mutation: You have hoof-like feet. [demonic
                  | ancestry]
  5755 | D:6      | Reached XP level 9. HP: 67/69 MP: 9/9
  5787 | D:6      | Found a sacrificial altar of Ru.
  5831 | D:6      | Found Olump's Antique Weapon Shop.
  6148 | D:6      | HP: 1/69 [spore (21)]
  6148 | D:6      | Killed by an exploding butterfly... ignited by their inner
                  | flame

Illustrated notes

Levels and vault maps discovered:
D:1:      psy_arrival_basics, layout_loops_corners, minmay_distorted
D:2:      layout_basic, ebering_ecumenical_altar_box
D:3:      layout_basic, cheibrodos_sewer_entry_bend, uniq_grinder
D:4:      layout_loops_cross, minmay_temple_entry_nine_rooms, serial_shops,
          nicolae_inconvenience_store
D:5:      gammafunk_steamed_eel, layout_gridville, mainiacjoe_overflow_alcove_1,
          uniq_blork_the_orc, uniq_duvessa, uniq_sigmund, uniq_eustachio
D:6:      layout_cave_pods, nicolae_ru_sacrificial_ziggurat, serial_shops,
          nicolae_shop_stone, shop, nicolae_square_shop, shop,
          nicolae_shop_competitors_out_of_business
Temple:   compressed_dpeg_triangle_lava_temple

Skill      XL: |  1  2  3  4  5  6  7  8 |
---------------+-------------------------+-----
Dodging        | 3 4 5 6 |  6.0
Polearms       | 3 4 5 |  5.9
Armour         | 1 2 3 4 5 |  5.2
Fighting       | 3 4 5 6 |  6.2
Throwing       | |  1.7

Action                     |  1- 3 |  4- 6 |  7- 9 || total
---------------------------+-------+-------+-------++-------
  Melee: Trident           |   169 |   260 |   194 ||   623
         Punch             |     1 |     6 |     3 ||    10
         Kick              |       |       |    20 ||    20
  Throw: Throwing net      |       |       |     1 ||     1
    Use: Scroll            |     6 |     4 |     6 ||    16
         Potion            |     1 |       |     3 ||     4
   Stab: Sleeping          |     3 |     4 |     1 ||     8
 Armour: Leather armour    |    26 |   132 |    73 ||   231
         Skin              |    19 |       |       ||    19
  Dodge: Dodged            |    80 |   191 |   169 ||   440
  Block: Other             |    22 |    63 |    46 ||   131

Table legend: (Time is in decaauts)
 A = Elapsed time spent in this place.
 B = Non-inter-level travel time spent in this place.
 C = Inter-level travel time spent in this place.
 D = Time resting spent in this place.
 E = Time spent auto-exploring this place.
 F = Levels seen in this place.
 G = Mean time per level.
                   A        B        C        D        E       F      G
               +--------+--------+--------+--------+--------+-----+--------+
         Total |   6316 |   6161 |    155 |     38 |   4429 |   8 |  789.5 |
       Dungeon |   4964 |   4809 |    155 |     38 |   3532 |   6 |  827.3 |
        Temple |    380 |    380 |      0 |      0 |    304 |   1 |  380.0 |
         Sewer |    971 |    971 |      0 |      0 |    593 |   1 |  971.0 |
               +--------+--------+--------+--------+--------+-----+--------+

Top non-repeatable levels by time:
   Sewer: 971 daAuts
     D:1: 961 daAuts
     D:3: 961 daAuts
     D:4: 839 daAuts
     D:5: 755 daAuts
     D:6: 741 daAuts
     D:2: 706 daAuts
  Temple: 380 daAuts
